 Dungeon Crawl Stone Soup version 0.18-a0-917-g8a3da5b (webtiles) character file.

88 4thArraOfDagon the Skirmisher (level 4, -3/35 HPs)
             Began as a Mummy Abyssal Knight on Dec 26, 2015.
             Was a Follower of Lugonu.
             Slain by an orc
             ... wielding a +0 falchion
              (5 damage)
             ... on level 2 of the Dungeon.
             The game lasted 00:04:04 (820 turns).

4thArraOfDagon the Skirmisher (Mummy Abyssal Knight) Turns: 820, Time: 00:04:04

Health: -3/35      AC:  4    Str: 15    XL:     4   Next: 30%
Magic:  5/5        EV: 11    Int: 12    God:    Lugonu [*.....]
Gold:   127        SH:  0    Dex: 11    Spells: 0 memorised, 3 levels left

rFire  x . .     SeeInvis .     c - +1 demon blade (venom)
rCold  + . .     Gourm    .     b - +0 leather armour
rNeg   + + +     Faith    .     (no shield)
rPois  ∞         Spirit   .     g - +0 helmet
rElec  .         Dismiss  .     (no cloak)
rCorr  .         Reflect  .     (no gloves)
SustAt .         Harm     .     (no boots)
MR     .....                    (no amulet)
Stlth  +.........               (no ring)
                                (no ring)

@: not resistant to hostile enchantments, very unstealthy
A: no food or potions, fire vulnerability, cold resistance 1, negative energy
resistance 3, torment resistance, unbreathing
a: Depart the Abyss, Renounce Religion


You were on level 2 of the Dungeon.
You worshipped Lugonu.
Lugonu was aware of your devotion.
You were not hungry.

You visited 1 branch of the dungeon, and saw 3 of its levels.
You visited the Abyss 1 time.

You collected 127 gold pieces.

Inventory:

Hand Weapons
 a - a +1 hand axe
 c - a +1 demon blade of venom (weapon)
Armour
 b - a +0 leather armour (worn)
 g - a +0 helmet (worn)
Wands
 d - a wand of confusion (0/48)
 h - a wand of confusion (19/48)
Scrolls
 e - 2 scrolls of identify {unknown}
 f - 2 scrolls of immolation {unknown}


   Skills:
 - Level 3.0 Fighting
 * Level 2.2 Long Blades
 - Level 1.5 Axes
 + Level 2.1 Armour
 + Level 1.7 Dodging
 + Level 1.9 Invocations


You had 3 spell levels left.
You didn't know any spells.

Dungeon Overview and Level Annotations

Branches:
Dungeon (3/15)

Altars:
Sif Muna


Innate Abilities, Weirdness & Mutations

You do not eat or drink.
Your flesh is vulnerable to fire.
You are immune to poison.
Your flesh is cold resistant.
You are immune to negative energy.
You are immune to unholy pain and torment.
You can survive without breathing.


Message History

Lugonu accepts your kill.
You barely miss the orc. The orc hits you with a falchion.
* * * LOW HITPOINT WARNING * * *
Unknown command.
You hit the orc.
The orc is poisoned.
The orc is heavily wounded.
The orc hits you with a falchion!
* * * LOW HITPOINT WARNING * * *
Unknown command.
Unknown command.
Evoke which item? (* to show all) (? for menu, Esc to quit)
Okay, then.
Evoke which item? (* to show all) (? for menu, Esc to quit)
Zapping:
h - a wand of confusion (will waste charges)
Press: ? - help, Shift-Dir - straight line, f - orc
Aim: an orc, wielding a falchion (heavily wounded, poisoned, chance to defeat MR: 81%)
The orc appears confused.
Evoking this partially-identified wand wasted a few charges.
The orc hits you with a falchion.
You die...

.#..# ...
.##.####...
.##........
.##.......#
###.......#
..........#
##........#
##.#......########
.............oKo@#
#.##..#####.######
#.##..#####.#####
#.....#....%....#
##....#.........#
#..............#
#..............#
##..............#
................#


You could see 2 orcs and a kobold.

Vanquished Creatures
  Ijyb (D:2)
  2 adders (D:2)
  2 oozes (D:2)
  3 worms (D:2)
  3 orcs (D:2)
  A giant cockroach (D:2)
  2 hobgoblins (D:2)
  A kobold (D:2)
  2 bats (D:2)
  A giant newt (D:2)
  4 goblins (D:2)
  3 rats (D:2)
25 creatures vanquished.

Notes
Turn   | Place    | Note
--------------------------------------------------------------
     0 | Abyss:1  | 4thArraOfDagon the Mummy Abyssal Knight began the quest for the Orb.
     0 | Abyss:1  | Reached XP level 1. HP: 18/18 MP: 2/2
    26 | Abyss:2  | Noticed an apocalypse crab
    36 | D:1      | Escaped the Abyss
   133 | D:2      | Noticed Ijyb
   146 | D:2      | Reached skill level 1 in Dodging
   191 | D:2      | jacquesderrida: deng
   218 | D:2      | Killed Ijyb
   218 | D:2      | Reached skill level 1 in Long Blades
   218 | D:2      | Reached XP level 2. HP: 8/24 MP: 3/3
   218 | D:2      | Reached XP level 3. HP: 9/29 MP: 4/4
   226 | D:2      | jacquesderrida: wowie, good knife
   285 | D:2      | Reached * piety under Lugonu
   347 | D:2      | 4thArraOfDagon: haha yeah
   347 | D:2      | 4thArraOfDagon: lug gift :D
   412 | D:2      | Reached XP level 4. HP: 18/35 MP: 5/5
   627 | D:2      | Found a deep blue altar of Sif Muna.
   820 | D:2      | Slain by an orc

Vault maps used:
D:1:      lightli_arrival_boilingwater, kennysheep_nondescript
D:2:      lemuel_coloured_pillars_altar, uniq_iyjb
D:3:      nicolae_overflow_quartered_altars, grunt_decor_cap
Abyss:2:  hangedman_abyss_lost_library

Action                   |  1- 3 |  4- 6 || total
-------------------------+-------+-------++-------
Melee: Demon blade       |    49 |    35 ||    84
Invok: Depart the Abyss  |     1 |       ||     1
Evoke: Wand              |       |     1 ||     1
